AoeStats
← peta

Nomad

508943970Analyzed
2v2 RM · 6d ago on Sep 24, 2026· 66m 51s· 4 players
Game mode
Random Map
Map size
176×176
Population
200
Speed
Normal
Resources
Standard
Victory
Conquest
Starting age
Dark Age
Ending age
Imperial Age
RankedLock teamsTeams togetherTeam positionsShared explorationLock speedFull tech treeHidden civsTurbo modeCheats
Victory
Defeat
🇲🇽 Lithuanians · Mexico
1123
+16
🇫🇷 Japanese · France
1096
+16
🇨🇭 Franks · Switzerland
1116
-16
🇫🇷 Malians · France
1114
-16
Romero
6:43 Loom
12:17 Feudal Age
13:37 Double-Bit Axe
16:48 Wheelbarrow
19:22 Fletching
22:08 Gold Mining
22:02 Horse Collar
24:43 Scale Mail Armor
32:36 Castle Age
33:53 Bow Saw
34:19 Gold Shaft Mining
33:24 Pikeman
34:21 Chain Mail Armor
34:03 Bodkin Arrow
44:00 Chain Mail Armor
47:27 Gambesons
47:43 Squires
47:59 Forging
52:58 Imperial Age
54:22 Halberdier
55:18 Squires
56:00 Plate Mail Armor
56:20 Stone Mining
58:55 Padded Archer Armor
61:52 Parthian Tactics
61:28 Bracer
62:31 Hand Cart
65:48 Leather Archer Armor
Sprunger
3:30 Loom
7:34 Loom
14:16 Feudal Age
15:21 Double-Bit Axe
18:08 Castle Age
17:17 Gold Mining
18:33 Scale Barding Armor
18:40 Forging
20:38 Husbandry
21:13 Bloodlines
21:25 Fishing Lines
21:37 Fishing Lines
27:39 Town Watch
28:32 Wheelbarrow
30:25 Padded Archer Armor
31:16 Chain Barding Armor
31:32 Iron Casting
36:19 Herbal Medicine
39:36 Imperial Age
38:03 Fletching
38:06 Light Cavalry
38:45 Bodkin Arrow
39:55 Cavalier
41:42 Plate Barding Armor
43:53 Hill Forts
45:24 Bow Saw
45:42 Bracer
48:06 Two-Man Saw
47:35 Horse Collar
47:56 Paladin
50:07 Padded Archer Armor
50:48 Thumb Ring
50:04 Elite Skirmisher
52:54 Leather Archer Armor
57:00 Ballistics
57:41 Chemistry
57:24 Ring Archer Armor
57:34 Elite Leitis
58:35 Conscription
58:17 Tower Shields
62:25 Caravan
65:43 Winged Hussar
Jamie
3:32 Loom
13:14 Feudal Age
13:43 Double-Bit Axe
14:28 Man-at-Arms
21:51 Castle Age
19:50 Fletching
19:52 Town Watch
21:56 Crossbowman
22:43 Thumb Ring
22:41 Bodkin Arrow
23:51 Wheelbarrow
25:50 Padded Archer Armor
26:14 Pikeman
31:59 Squires
33:08 Bow Saw
38:37 Tigui
40:03 Ballistics
45:30 Hand Cart
45:16 Town Patrol
47:37 Murder Holes
50:30 Imperial Age
49:40 Leather Archer Armor
50:00 Horse Collar
51:45 Gold Mining
51:45 Stone Mining
53:02 Conscription
53:35 Ring Archer Armor
53:34 Arbalester
54:26 Scale Mail Armor
54:36 Forging
55:45 Gold Shaft Mining
56:52 Long Swordsman
57:48 Chain Mail Armor
57:24 Two-Handed Swordsman
58:41 Iron Casting
59:24 Champion
60:37 Plate Mail Armor
60:21 Arson
peta
6:21 Loom
15:37 Feudal Age
19:58 Castle Age
19:29 Forging
19:25 Scale Barding Armor
21:28 Husbandry
37:39 Imperial Age
36:53 Iron Casting
38:01 Cavalier
40:21 Blast Furnace
39:42 Chain Barding Armor
Connection lost

Rejoining the realm…

Still unreachable

The connection could not be restored.

Session expired

The server has moved on; the page needs a fresh start.